 Dungeon Crawl Stone Soup version 0.30-a0-630-g881e3bac89 (webtiles) character file.

Game seed: 14989027024458527506

131 Decipherer the Poker (level 4, -3/41 HPs)
             Began as a Minotaur Berserker on Jan 13, 2023.
             Was a Believer of Trog.
             Killed by divine providence
             ... invoked by an orc priest
              (14 damage)
             ... on level 6 of the Dungeon.
             The game lasted 00:02:47 (2130 turns).

Decipherer the Poker (Minotaur Berserker)           Turns: 2130, Time: 00:02:48

Health: -3/41      AC:  3    Str: 24    XL:     4   Next: 91%
Magic:  3/3        EV: 17    Int:  4    God:    Trog [**....]
Gold:   173        SH:  0    Dex:  9    Spells: 3/3 levels left

rFire   . . .      SeeInvis .    s - +4 mace
rCold   . . .      Faith    .    (no shield)
rNeg    . . .      Spirit   .    b - +0 animal skin
rPois   .          Reflect  .    (helmet restricted)
rElec   .          Harm     .    n - +0 cloak
rCorr   .          Rampage  .    (no gloves)
Will    .....                    (no boots)
Stlth   +                        (no amulet)
HPRegen 0.26/turn                j - +5 ring of evasion
MPRegen 0.08/turn                (no ring)

@: no status effects
A: horns 2, retaliatory headbutt
a: Renounce Religion, Berserk, Trog's Hand


You were on level 6 of the Dungeon.
You worshipped Trog.
Trog was pleased with you.
You visited 1 branch of the dungeon, and saw 4 of its levels.

You collected 173 gold pieces.

Inventory:

Hand Weapons
 a - a +0 spear
 s - a +4 mace (weapon)
Armour
 b - a +0 animal skin (worn)
 n - a +0 cloak (worn)
Jewellery
 j - a +5 ring of evasion (left hand)
 v - a ring of flight
Wands
 w - a wand of digging (7)
Scrolls
 d - a scroll of magic mapping {unknown}
 e - a scroll of teleportation
 f - 2 scrolls of noise {unknown}
 i - 2 scrolls of identify {unknown}
 k - 2 scrolls of enchant armour {unknown}
 l - 3 scrolls of poison {unknown}
 m - 2 scrolls of fear {unknown}
 o - a scroll of acquirement {unknown}
 q - a scroll of torment {unknown}
 r - a scroll of butterflies {unknown}
Potions
 c - a potion of mutation {unknown}
 g - a potion of curing {unknown}
 h - 2 potions of attraction {unknown}
 p - a potion of brilliance {unknown}
 t - a potion of heal wounds {unknown}
 u - a potion of flight {unknown}
 x - a potion of invisibility {unknown}


   Skills:
 + Level 4.3 Fighting
 + Level 0.2 Maces & Flails
 + Level 5.4 Polearms
 + Level 2.9 Armour
 + Level 2.9 Dodging
 + Level 0.9 Stealth


You had 3 spell levels left.
You didn't know any spells.
Your spell library contained the following spells:

 Spells                   Type           Power      Damage    Failure   Level
 Sandblast                Erth           0%         2d4       50%         1
 Shock                    Conj/Air       0%         1d3       50%         1
 Passwall                 Tmut/Erth      0%         N/A       65%         2
 Static Discharge         Conj/Air       0%         2-2/arc   65%         2
 Ozocubu's Armour         Ice            0%         N/A       86%         3
 Portal Projectile        Hex/Tloc       0%         N/A       86%         3
 Stone Arrow              Conj/Erth      0%         3d7       86%         3
 Swiftness                Air            0%         N/A       86%         3
 Tukima's Dance           Hex            0%         N/A       86%         3
 Vhi's Electric Charge    Tloc/Air       0%         N/A       86%         3
 Airstrike                Air            0%         2d(0-16)  99%         4
 Arcjolt                  Conj/Air       0%         1d10      100%        5
 Blade Hands              Tmut           0%         N/A       100%        5
 Lightning Bolt           Conj/Air       0%         1d11      100%        5
 Ozocubu's Refrigeration  Ice            0%         4d7       100%        7


Dungeon Overview and Level Annotations

Branches:
Dungeon (3/15)

Altars:
Xom
The Shining One

Shops:
D:1 *   D:3 *


Innate Abilities, Weirdness & Mutations

You have a pair of horns on your head.
You reflexively headbutt those who attack you in melee.


Message History

Unknown command.
There are monsters nearby!
An orc priest and 3 wights come into view.
A wight is wielding a +0 heavy great sword and wearing a +0 robe of positive energy.
The orc priest shouts!
Unknown command.
The orc shouts!
The orc priest invokes the aid of Beogh against you.
Beogh smites you!
Found 2 emerald potions.
An ice beast comes into view.
The ice beast attacks as you move away! The ice beast barely misses you.
Okay, then.
As you read the scroll labelled DOUCER ZUD BUG, it crumbles to dust.
You feel strangely unstable.
It was a scroll of teleportation.
The ice beast hits you. The ice beast freezes you!
Okay, then.
Found 18 gold pieces.
The ice beast attacks as you move away!
The ice beast hits you but does no damage.
Your surroundings suddenly seem different.
Found a mace.
Found a stone staircase leading down.
An orc is nearby!
Unknown command.
The orc shouts!
You hear a shout!
The orc barely misses you. You furiously retaliate!
You headbutt the orc!
You kill the orc!
Trog accepts your kill.
The orc priest shouts!
The orc hits you with a +0 flail! The orc attacks as you move away!
The orc completely misses you. You furiously retaliate!
You headbutt the orc!
You kill the orc!
Trog accepts your kill. The ice beast attacks as you move away!
The ice beast hits you. The ice beast freezes you!
* * * LOW HITPOINT WARNING * * *
The orc priest invokes the aid of Beogh against you.
Beogh smites you!
You die...

##.) #.### #z..#
##..###...####.#.#
#...........#.o#.#
#...).......##.##
#.........##.....
#..o......##.....
#....o....##.....
...#.###.........##.....
.....>.@Y.)......##.....
.##...##.........#######
#.#............#
#....##.#####... ###.
#.. .#. # ##.. . ###


You could see an ice beast, an orc priest and an orc.

Vanquished Creatures
  An iguana (D:3)
  An orc wizard (D:3)
  3 adders (D:2)
  2 dart slugs (D:2)
  2 worms (D:2)
  5 orcs
  5 endoplasms
  2 giant cockroaches
  3 goblins
  A hobgoblin (D:2)
  A quokka (D:1)
  3 ball pythons
  2 bats (D:2)
  3 frilled lizards
  4 kobolds
  4 rats
42 creatures vanquished.

Notes
Turn   | Place    | Note
-------+----------+-------------------------------------------
     0 | D:1      | Decipherer the Minotaur Berserker began the quest for the
                  | Orb.
     0 | D:1      | Reached XP level 1. HP: 19/19 MP: 0/0
   128 | D:1      | Found Rofil's Assorted Antiques.
   608 | D:1      | Reached XP level 2. HP: 27/27 MP: 1/1
   777 | D:1      | Found a glowing golden altar of the Shining One.
   864 | D:2      | Reached skill level 4 in Polearms
  1024 | D:2      | Reached XP level 3. HP: 33/33 MP: 2/2
  1530 | D:2      | Reached ** piety under Trog
  1582 | D:3      | Found a glowing golden altar of the Shining One.
  1608 | D:3      | Found Siluckur's Assorted Antiques.
  1648 | D:3      | Reached XP level 4. HP: 35/40 MP: 3/3
  1735 | D:3      | Reached skill level 5 in Polearms
  1876 | D:3      | Found a shimmering altar of Xom.
  2055 | D:3      | You fall into a shaft and drop 3 floors!
  2077 | D:6      | Noticed an ice beast
  2130 | D:6      | Killed from afar by an orc priest

Illustrated notes

Levels and vault maps discovered:
D:1:      dpeg_arrival_water_altar, layout_basic, serial_shops, shop,
          serial_forest, infiniplex_forest_clump_curved,
          infiniplex_forest_lined_room_2, infiniplex_forest_clump_diagonal,
          infiniplex_forest_straight_3, infiniplex_forest_end_2,
          infiniplex_forest_end_double, infiniplex_forest_lined_corner,
          infiniplex_forest_clump_small, infiniplex_forest_straight_4,
          minmay_pentomino_p2
D:2:      layout_basic, nrook_uturn, chequers_serial_rivers_room_a
D:3:      layout_loops_corners, mainiacjoe_overflow_boulevard,
          mainiacjoe_overflow_cross_hatched, serial_shops,
          nicolae_shop_statue_plus, minivault_11
D:6:      layout_rooms, minmay_temple_entry_mini_moons, serial_shops,
          nicolae_shop_hallway_plus

Skill      XL: |  1  2  3  4 |
---------------+-------------+-----
Polearms       | 4 5 |  5.4
Fighting       | 4 |  4.3
Maces & Flails | |  0.2
Armour         | |  2.9
Dodging        | |  2.9
Stealth        | |  0.9

Action                   |  1- 3 |  4- 6 || total
-------------------------+-------+-------++-------
Melee: Spear             |    98 |       ||    98
       Headbutt          |    10 |     3 ||    13
       Mace              |       |     9 ||     9
Invok: Berserk           |     1 |       ||     1
  Use: Scroll            |       |     1 ||     1
 Stab: Sleeping          |     1 |       ||     1
Armor: Animal skin       |    14 |     1 ||    15
Dodge: Dodged            |    45 |    12 ||    57

Table legend: (Time is in decaauts)
 A = Elapsed time spent in this place.
 B = Non-inter-level travel time spent in this place.
 C = Inter-level travel time spent in this place.
 D = Time resting spent in this place.
 E = Time spent auto-exploring this place.
 F = Levels seen in this place.
 G = Mean time per level.
                   A        B        C        D        E       F      G
               +--------+--------+--------+--------+--------+-----+--------+
         Total |   2137 |   2071 |     66 |      0 |   1753 |   4 |  534.2 |
       Dungeon |   2137 |   2071 |     66 |      0 |   1753 |   4 |  534.2 |
               +--------+--------+--------+--------+--------+-----+--------+

Top non-repeatable levels by time:
     D:1: 857 daAuts
     D:2: 705 daAuts
     D:3: 500 daAuts
     D:6: 74 daAuts
